Unix xNetHack Version 7.1.0 - last build May 27 2022 12:39:55 (40ddc3af3caeb211f83a4e7a6471a44cedb5a298). Game began 2022-06-08 01:37:27, ended 2022-06-08 02:01:33. cathartes, lawful male human Monk ---------- ---------- --------------- |.........# |........| |.............. |........|# |.........# |.............| |........|### -------.--## #..............| |........| ## ### # ---------- #|..............## +........| # # ####-........| #1-----|-----|--- --------.- # ##### ## |........| # #### # ############# ### .........| # ####` ############ # |......<.| ## # # ## # .........| # --------.---- ## #### -|----.-- |........| ## |...........| ## ## |.......| ---------- ----- # |........>..+##### ## |.......| |??.|KK |...........|### #---.-- ........| |?..|@ |............# #.....| ||...[..| |..f@# |...........| |....| |.......| |??.| ------------- |....| |.......| |+??| |..... -|------- ----- ------ # Cathartes the Initiate St:15 Dx:14 Co:12 In:8 Wi:18 Ch:9 Lawful S:4093 Dlvl:3 $:0 HP:0(50) Pw:52(52) AC:4 Xp:7/825 T:1695 Latest messages: You drop a gold piece {1}. Your debt is paid off. You owe Kesh 1 zorkmid. $ - a gold piece {1}. The kitten picks up a scroll labeled VERR YED HORRE. What do you want to drop? [$a-ktwzBGLQV-XZ or ?*] $ You drop a gold piece {1}. Your debt is paid off. You owe Kesh 1 zorkmid. $ - a gold piece {1}. What do you want to drop? [$a-ktwzBGLQV-XZ or ?*] $ You drop a gold piece {1}. Your debt is paid off. You owe Kesh 1 zorkmid. $ - a gold piece {1}. What do you want to drop? [$a-ktwzBGLQV-XZ or ?*] $ You drop a gold piece {1}. Your debt is paid off. The kitten drops a scroll labeled VERR YED HORRE. You owe Kesh 1 zorkmid. $ - a gold piece {1}. "cathartes! Please pay before leaving." You escaped the shop without paying! You stole 1 zorkmid worth of merchandise. An alarm sounds! The Keystone Kops appear! Kesh zaps a wand of striking! The wand misses you. Pick an object. You kill the Keystone Kop! The cream pie hits the Keystone Kop. The Keystone Kop is blinded by the pie. Kesh zaps a wand of striking! The wand misses you. You kill the Keystone Kop! Kesh punches you! Kesh punches you! You see here a Keystone Kop corpse. The kitten misses it. Kesh punches you! Kesh punches you! The kitten bites it. Kesh punches you! You die... Kesh takes the 1 zorkmid you owed her. Do you want your possessions identified? [ynq] (y) y Do you want to see your attributes? [ynq] (y) y Do you want an account of creatures vanquished? [ynaq] (y) y Do you want to see your conduct and achievements? [ynq] (y) y Do you want to see the dungeon overview? [ynq] (y) y Major events: Turn 1: cathartes the lawful male human Monk entered the dungeon 534: read a Discworld novel 594: attained the rank of Novice (level 3) 616: entered the Gnomish Mines 1106: attained the rank of Initiate (level 6) 1206: reached Mine Town 1611: stole 27 zorkmids worth of merchandise from Kesh's second-hand bookstore 1692: stole 1 zorkmid worth of merchandise from Kesh's second-hand bookstore 1695: killed by Ms. Kesh; the shopkeeper Inventory: Inventory: 656/725 weight (22/52 slots) Amulets Q - a cursed gold amulet of restful sleep {34} Armor a - an uncursed +2 pair of leather gloves (being worn) {8} b - an uncursed greased +1 robe (being worn) {12} Comestibles h - 5 uncursed apples {10} V - 2 uncursed cram rations {30} g - an uncursed food ration {20} j - 4 uncursed fortune cookies {4} i - 5 uncursed oranges {10} Scrolls Z - a cursed scroll of gold detection {5} f - an uncursed scroll of identify {5} d - an uncursed scroll of light {5} Spellbooks c - a blessed spellbook of healing {35} Tools B - an uncursed oilskin sack containing 28 items {394} t - an uncursed blindfold {2} X - a can of grease (0:9) {15} G - an uncursed gold magic lamp {28} e - a cursed mithril magic lamp {11} k - a magic marker (0:91) {2} z - an uncursed oil lamp {20} w - an uncursed silver pea whistle {3} Gems/Stones W - an uncursed worthless piece of black glass {1} L - an uncursed flint stone {2} Contents of the oilskin sack: 413 gold pieces an uncursed lembas wafer an uncursed scroll of amnesia an uncursed scroll of destroy armor an uncursed scroll of enchant armor an uncursed scroll of identify a cursed scroll of light a blessed scroll of water an uncursed scroll of water an uncursed potion of extra healing a blessed potion of healing 2 uncursed potions of healing a blessed potion of invisibility an uncursed potion of levitation an uncursed potion of monster detection an uncursed potion of paralysis an uncursed potion of water a potion of unholy water a cursed -1 ring of gain strength a wand of fire (0:4) a wand of speed monster (0:3) a wand of striking (0:6) a +0 pick-axe 2 uncursed worthless pieces of blue glass 2 uncursed worthless pieces of orange glass an uncursed worthless piece of white glass 4 uncursed worthless pieces of yellow glass 2 uncursed worthless pieces of yellowish brown glass Cathartes the Monk's attributes: Background: You were an Initiate, a level 7 male human Monk. You were lawful, nominally on a mission for Shan Lai Ching who was opposed by Chih Sung-tzu (neutral) and Huan Ti (chaotic). You were heterosexual. You were in the Dungeons of Doom, on level 3. You entered the dungeon 1695 turns ago. It was nighttime. You had 825 experience points, 455 more were needed to attain level 8. Your score was 4093 before end-of-game adjustments. Basics: You had 0 out of 50 hit points. You had all 52 energy points (spell power). Your armor class was 4. Your wallet was empty. Autopickup was on for '$' plus thrown. Final Characteristics: Your strength was 15 (limit:18/100). Your dexterity was 14 (limit:18). Your constitution was 12 (limit:18). Your intelligence was 8 (limit:18). Your wisdom was 18 (limit:18). Your charisma was 9 (limit:18). Final Status: You were not hungry. You were unencumbered. You were empty handed. You were skilled in martial arts. Final Attributes: You were devoutly aligned. You were sleep resistant. You were poison resistant. You saw invisible. You were warned. You were stealthy. You were guarded. You were fast. You are dead. Miscellaneous: You never encountered a bones level. Total elapsed playing time was 24 minutes and 5 seconds. Vanquished creatures: an orc-captain an ice vortex a Mordor orc 3 Uruk-hai 3 orc shamans a rock piercer 3 gnome leaders 2 dwarves 14 hill orcs a centipede an orc zombie a hobbit a large kobold a cave spider 27 gnomes 6 Keystone Kops a gnome zombie 3 geckos 4 jackals a goblin a sewer rat 2 grid bugs 3 lichens 2 newts 84 creatures vanquished. No species were genocided or became extinct. Voluntary challenges: You followed a strict vegan diet. You were an atheist. You never hit with a wielded weapon. You read items or engraved 1 time. You never genocided any monsters. You never polymorphed an object. You never changed form. You never touched an artifact. You used no wishes. You never scared an enemy with impunity. You were celibate. You never generated conflict. Achievements: You entered a shop. You read from a Discworld novel. You attained the rank of Novice. You entered the Gnomish Mines. You attained the rank of Initiate. You entered Minetown. The Dungeons of Doom: levels 1 to 5 Level 1: A fountain, a sink. Level 2: A fountain. Level 3: <- You were here. A scroll shop, a grave. Final resting place for you, killed by Ms. Kesh; the shopkeeper. Level 4: A fountain. Stairs down to The Gnomish Mines. Level 5: The Gnomish Mines: levels 5 to 8 Level 5: Level 6: Level 7: Level 8: Some fountains. Game over: __________ / \ / REST \ / IN \ / PEACE \ / \ | cathartes | | 413 Au | | killed by Ms. | | Kesh; the | | shopkeeper | | | | 2022 | *| * * * | * _________)/\\_//(\/(/\)/\//\/|_)_______ Punardarsanaya cathartes the Monk... You died in The Dungeons of Doom on dungeon level 3 with 4052 points, and 413 pieces of gold, after 1695 moves. You were level 7 with a maximum of 50 hit points when you died.